Panthers vs Penguins (R4)

Created - 7 décembre 2020 at 20:45

Goals
1 2 3 T
Panthers 1 0 3 4
Penguins 1 0 1 2
Shots
1 2 3 T
Panthers 8 7 13 28
Penguins 6 5 9 20

1st period

1. Panthers , Alex Ovechkin 14 (Dylan Larkin 9, Matthew Tkachuk 10) at 6:17
2. Penguins , Clayton Keller 3 (Oliver Bjorkstrand 2, Marcus Pettersson 6) at 14:15

Penalties :
Max Domi (FLA) for Holding (Minor) at 8:06, Charlie McAvoy (FLA) for Roughing (Minor) at 11:31

2nd period

No Goal

Penalties :
Charlie McAvoy (FLA) for Hooking (Minor) at 2:29, Colton Parayko (FLA) for Slashing (Minor) at 4:42, Dylan Larkin (FLA) for Hooking (Minor) at 7:42, Oliver Bjorkstrand (PIT) for Hooking (Minor) at 13:06, Gabriel Landeskog (PIT) for Slashing (Double Minor) at 18:03

3rd period

3. Panthers , Alex Ovechkin 15 (Nikita Kucherov 13, Colton Parayko 16) at 0:20 (PP)
4. Penguins , Nathan MacKinnon 6 (Gabriel Landeskog 6, Shea Weber 12) at 4:03
5. Panthers , Alex Ovechkin 16 (Dylan Larkin 10, Zdeno Chara 6) at 5:13
6. Panthers , Matthew Tkachuk 8 (Dylan Larkin 11) at 17:58

Penalties :
Clayton Keller (PIT) for High sticking (Minor) at 8:12, Matthew Tkachuk (FLA) for High sticking (Minor) at 8:47, Max Domi (FLA) for Hooking (Minor) at 11:25

Goalie Stats

Corey Crawford (FLA), 18 saves from 20 shots - (0,900), W, 18-1-0, 60:00 minutes
Connor Hellebuyck (PIT), 24 saves from 28 shots - (0,857), L, 8-9-3, 60:00 minutes

Players Stats for Panthers

Player Name              G  A  P  +/- PIM S  H  SB GA TA FO     MP     PP MP  PK MP  
------------------------------------------------------------------------------------
Aleksander Barkov        0  0  0   0  0   0  1  0  0  0  9/18   19:01   2:49   2:38 
Alex Ovechkin            3  0  3   1  0   5  5  0  0  0  1/1    17:44   2:02   1:02 
Charlie McAvoy           0  0  0   0  4   0  2  0  0  0  0/0    17:41   0:00   4:46 
Colton Parayko           0  1  1   0  2   0  2  0  0  0  0/0    17:46   2:10   1:01 
Derek Grant              0  0  0   0  0   0  0  0  0  0  9/17    9:38   0:00   6:56 
Dylan Larkin             0  3  3   1  2   3  0  0  0  0  13/22  21:20   2:02   3:27 
Jeff Petry               0  0  0   1  0   1  2  1  0  0  0/0    23:55   2:41   6:07 
Jonathan Huberdeau       0  0  0   0  0   4  1  0  0  0  1/1    16:17   2:49   0:00 
Matt Calvert             0  0  0   0  0   2  2  0  0  0  0/0    14:31   0:00   3:59 
Matthew Tkachuk          1  1  2   1  2   3  2  0  0  0  1/2    16:38   2:04   0:00 
Max Domi                 0  0  0   0  4   2  0  0  0  0  3/3    11:14   0:44   0:00 
Nikita Kucherov          0  1  1   0  0   2  0  0  0  0  1/1    16:48   2:02   0:00 
Oskar Sundqvist          0  0  0   0  0   0  2  0  0  0  0/1     9:38   0:00   6:56 
Patrick Marleau          0  0  0   0  0   1  0  0  0  0  0/0     2:42   0:00   0:00 
Pierre-Luc Dubois        0  0  0   0  0   4  0  0  0  0  6/11   10:32   0:00   0:00 
Quinn Hughes             0  0  0   1  0   0  0  3  0  0  0/0    23:53   2:41   6:05 
Samuel Girard            0  0  0   0  0   0  2  0  0  0  0/0    17:45   2:10   0:53 
Zdeno Chara              0  1  1   0  0   1  5  0  0  0  0/0    18:57   0:00   6:06 

Players Stats for Penguins

Player Name              G  A  P  +/- PIM S  H  SB GA TA FO     MP     PP MP  PK MP  
------------------------------------------------------------------------------------
Adrian Kempe             0  0  0   0  0   0  0  0  0  0  5/14   12:14   0:00   3:31 
Alex DeBrincat           0  0  0   0  0   2  0  0  0  0  0/0    15:05   2:04   0:33 
Brent Seabrook           0  0  0   0  0   0  0  2  0  0  0/0    12:21   0:00   0:00 
Cedric Paquette          0  0  0   0  0   0  0  1  0  0  0/1     8:03   0:00   0:42 
Clayton Keller           1  0  1   1  2   1  1  0  0  0  0/0    10:19   0:00   1:00 
David Perron             0  0  0   0  0   1  1  0  0  0  0/1    19:02   6:34   0:00 
Drew Doughty             0  0  0   0  0   0  5  2  0  0  0/0    26:32   7:33   1:58 
Filip Hronek             0  0  0  -1  0   1  0  0  0  0  0/0    21:07   4:56   2:53 
Gabriel Landeskog        0  1  1  -2  4   0  3  0  0  0  1/1    20:25   5:55   1:00 
Joe Thornton             0  0  0   1  0   0  0  0  0  0  4/7     9:57   4:30   0:04 
Marcus Pettersson        0  1  1   0  0   1  4  0  0  0  0/0    12:21   0:00   0:00 
Mark Giordano            0  0  0  -1  0   2  0  0  0  0  0/0    21:07   4:56   2:53 
Mark Scheifele           0  0  0   0  0   4  1  1  0  0  11/24  20:04   6:34   0:00 
Nathan MacKinnon         1  0  1  -2  0   3  1  1  0  0  12/28  20:59   5:55   0:00 
Oliver Bjorkstrand       0  1  1   1  2   0  2  0  0  0  0/1    11:29   0:00   2:10 
Oskar Lindblom           0  0  0   0  0   0  0  0  0  0  0/0     8:03   0:00   0:42 
Patrik Laine             0  0  0  -2  0   3  1  0  0  0  0/0    18:02   5:55   0:00 
Shea Weber               0  1  1   0  0   2  3  3  0  0  0/0    26:32   7:33   1:58 

3 Stars

1 - Alex Ovechkin (FLA)
2 - Matthew Tkachuk (FLA)
3 - Dylan Larkin (FLA)

Power Play

Panthers - 1 on 4 Attempt(s) - 25,00%
Penguins - 0 on 7 Attempt(s) - 0,00%

Penalty Kill

Panthers - 7 on 7 Attempt(s) - 100,00% - Score 0 goal in Penalty Kill
Penguins - 3 on 4 Attempt(s) - 75,00% - Score 0 goal in Penalty Kill

Team Stat

Panthers - Hits : 26 - Faceoff Wins : 44 - Blocked Shots : 4 - Penalty Minutes : 14
Penguins - Hits : 22 - Faceoff Wins : 33 - Blocked Shots : 10 - Penalty Minutes : 8

Official

Referees : Kenny Anderson and Dan O'Rourke
Linesman : Greg Devorski and Scott Cherrey

Game Notes

Joe Thornton is injured at 5:00 of 3rd period (Sports Hernia)
Alex Ovechkin has scored a Hat Trick!

Finance

Level 1 -- Attendance: 6500 (100,00%) -- Ticket Income 760 500 $
Level 2 -- Attendance: 4850 (97,00%) -- Ticket Income 402 550 $
Level 3 -- Attendance: 3214 (91,83%) -- Ticket Income 199 268 $
Level 4 -- Attendance: 2387 (100,00%) -- Ticket Income 107 415 $
Luxury Box -- Attendance: 869 (86,90%) -- Ticket Income 195 525 $
Game was played at the Consol Energy Center.
Total Attendance: 17820 (96,92%)
Total Ticket Income: 1 665 258 $
Other Income: 815 976 $
Total Income: 2 481 234 $

% Time on Ice - Panthers

Lines # - Real PCT - Wanted PCT - Time Play
Normal Forward
1 - 33% - 33% - 13:28
2 - 35% - 33% - 14:34
3 - 26% - 24% - 10:32
4 - 7% - 10% - 2:42
Normal Defense
1 - 33% - 36% - 13:49
2 - 35% - 34% - 14:36
3 - 31% - 30% - 12:51
4 - 0% - 0% - 0:00
PP Forward
1 - 58% - 50% - 2:49
2 - 42% - 50% - 2:02
PP Defense
1 - 55% - 50% - 2:41
2 - 45% - 50% - 2:10
PK Forward
1 - 64% - 60% - 7:58
2 - 36% - 40% - 4:31
PK Defense
1 - 39% - 60% - 4:50
2 - 61% - 40% - 7:39
PK3 Forward
1 - 0% - 60%
2 - 0% - 40%
PK3 Defense
1 - 0% - 60%
2 - 0% - 40%
44 Forward
1 - 7% - 50% - 0:06
2 - 93% - 50% - 1:18
44 Defense
1 - 93% - 60% - 1:18
2 - 7% - 40% - 0:06
Last Minute Offensive  - 0:00
Last Minute Defensive  - 0:00
Total
Forward - 60:00
Defense - 60:00

% Time on Ice - Penguins

Lines # - Real PCT - Wanted PCT - Time Play
Normal Forward
1 - 29% - 35% - 12:07
2 - 30% - 33% - 12:28
3 - 23% - 22% - 9:20
4 - 18% - 10% - 7:21
Normal Defense
1 - 38% - 40% - 15:42
2 - 31% - 30% - 12:38
3 - 30% - 20% - 12:21
4 - 1% - 10% - 0:35
PP Forward
1 - 47% - 60% - 5:55
2 - 53% - 40% - 6:34
PP Defense
1 - 60% - 60% - 7:33
2 - 40% - 40% - 4:56
PK Forward
1 - 86% - 60% - 4:09
2 - 14% - 40% - 0:42
PK Defense
1 - 41% - 60% - 1:58
2 - 59% - 40% - 2:53
PK3 Forward
1 - 0% - 60%
2 - 0% - 40%
PK3 Defense
1 - 0% - 60%
2 - 0% - 40%
44 Forward
1 - 100% - 60% - 1:24
2 - 0% - 40% - 0:00
44 Defense
1 - 52% - 60% - 0:44
2 - 48% - 40% - 0:40
Last Minute Offensive  - 0:00
Last Minute Defensive  - 0:00
Total
Forward - 60:00
Defense - 60:00

Play-by-Play

1st period


0:01 of 1st period - Nathan MacKinnon wins face-off versus Aleksander Barkov in neutral zone.
1:01 of 1st period - Off-side.
1:02 of 1st period - Dylan Larkin wins face-off versus Joe Thornton in neutral zone.
1:07 of 1st period - Shot by Matthew Tkachuk.
1:07 of 1st period - Shot Misses the Net.
2:05 of 1st period - Off-side.
2:06 of 1st period - Max Domi wins face-off versus Adrian Kempe in neutral zone.
2:31 of 1st period - Pierre-Luc Dubois is hit by Drew Doughty and loses puck.
2:36 of 1st period - Shot by Pierre-Luc Dubois.
2:36 of 1st period - Shot Misses the Net.
2:38 of 1st period - Shot by Colton Parayko.
2:38 of 1st period - Shot Blocked by Drew Doughty.
2:40 of 1st period - Shot by Max Domi.
2:40 of 1st period - Stopped by Connor Hellebuyck without a rebound.
2:41 of 1st period - Derek Grant wins face-off versus Mark Scheifele in Penguins zone.
3:16 of 1st period - Shot by Patrick Marleau.
3:16 of 1st period - Stopped by Connor Hellebuyck without a rebound.
3:17 of 1st period - Aleksander Barkov wins face-off versus Nathan MacKinnon in Penguins zone.
3:20 of 1st period - Shot by Nikita Kucherov.
3:20 of 1st period - Shot Blocked by Shea Weber.
3:41 of 1st period - Nathan MacKinnon is hit by Samuel Girard and loses puck.
3:49 of 1st period - Gabriel Landeskog is hit by Colton Parayko and loses puck.
4:24 of 1st period - Shot by Marcus Pettersson.
4:24 of 1st period - Shot Misses the Net.
4:48 of 1st period - Icing by Brent Seabrook.
4:49 of 1st period - Pierre-Luc Dubois wins face-off versus Joe Thornton in Penguins zone.
4:54 of 1st period - Shot by Pierre-Luc Dubois.
4:54 of 1st period - Stopped by Connor Hellebuyck without a rebound.
4:55 of 1st period - Dylan Larkin wins face-off versus Mark Scheifele in Penguins zone.
5:00 of 1st period - Shot by Dylan Larkin.
5:00 of 1st period - Stopped by Connor Hellebuyck with a rebound.
5:02 of 1st period - Shot by Dylan Larkin.
5:02 of 1st period - Stopped by Connor Hellebuyck without a rebound.
5:03 of 1st period - Mark Scheifele wins face-off versus Pierre-Luc Dubois in Penguins zone.
5:25 of 1st period - Shot by David Perron.
5:25 of 1st period - Shot Hit the Post.
5:33 of 1st period - Shot by Shea Weber.
5:33 of 1st period - Shot Misses the Net.
5:35 of 1st period - Shot by Drew Doughty.
5:35 of 1st period - Shot Hit the Post.
5:37 of 1st period - Shot by Mark Scheifele.
5:37 of 1st period - Shot Misses the Net.
6:08 of 1st period - Mark Giordano is hit by Alex Ovechkin and loses puck.
6:17 of 1st period - Shot by Alex Ovechkin.
6:17 of 1st period - Goal by Alex Ovechkin - Panthers : 1 - Penguins : 0.
6:18 of 1st period - Derek Grant wins face-off versus Adrian Kempe in neutral zone.
6:49 of 1st period - Shot by Oskar Sundqvist.
6:49 of 1st period - Shot Blocked by Cedric Paquette.
7:27 of 1st period - Shot by Alex Ovechkin.
7:27 of 1st period - Shot Misses the Net.
7:29 of 1st period - Shot by Dylan Larkin.
7:29 of 1st period - Shot Misses the Net.
7:37 of 1st period - Shot by Alex Ovechkin.
7:37 of 1st period - Shot Misses the Net.
7:48 of 1st period - Icing by Marcus Pettersson.
7:49 of 1st period - Adrian Kempe wins face-off versus Pierre-Luc Dubois in Penguins zone.
7:49 of 1st period - Adrian Kempe is hit by Matt Calvert.
8:06 of 1st period - Minor Penalty to Max Domi for Holding.
8:07 of 1st period - Nathan MacKinnon wins face-off versus Oskar Sundqvist in Panthers zone.
8:08 of 1st period - Shot by Drew Doughty.
8:08 of 1st period - Shot Misses the Net.
8:10 of 1st period - Shot by Shea Weber.
8:10 of 1st period - Stopped by Corey Crawford without a rebound.
8:11 of 1st period - Derek Grant wins face-off versus Nathan MacKinnon in Panthers zone.
9:27 of 1st period - Off-side.
9:28 of 1st period - Derek Grant wins face-off versus Mark Scheifele in neutral zone.
9:46 of 1st period - Icing by Shea Weber.
9:47 of 1st period - Derek Grant wins face-off versus Mark Scheifele in Penguins zone.
10:19 of 1st period - Shot by Patrik Laine.
10:19 of 1st period - Stopped by Corey Crawford without a rebound.
10:20 of 1st period - Nikita Kucherov wins face-off versus Adrian Kempe in Panthers zone.
10:27 of 1st period - Icing by Cedric Paquette.
10:28 of 1st period - Adrian Kempe wins face-off versus Aleksander Barkov in Penguins zone.
10:46 of 1st period - Adrian Kempe is hit by Charlie McAvoy and loses puck.
11:04 of 1st period - Filip Hronek is hit by Charlie McAvoy and loses puck.
11:31 of 1st period - Minor Penalty to Charlie McAvoy for Roughing.
11:32 of 1st period - Derek Grant wins face-off versus Nathan MacKinnon in Panthers zone.
13:46 of 1st period - Shot by Marcus Pettersson.
13:46 of 1st period - Stopped by Corey Crawford without a rebound.
13:47 of 1st period - Joe Thornton wins face-off versus Dylan Larkin in Panthers zone.
13:54 of 1st period - Shot by Oliver Bjorkstrand.
13:54 of 1st period - Shot Misses the Net.
14:15 of 1st period - Shot by Clayton Keller.
14:15 of 1st period - Goal by Clayton Keller - Panthers : 1 - Penguins : 1.
14:16 of 1st period - Pierre-Luc Dubois wins face-off versus Mark Scheifele in neutral zone.
14:19 of 1st period - Shot by Max Domi.
14:19 of 1st period - Deflect By Pierre-Luc Dubois.
14:19 of 1st period - Stopped by Connor Hellebuyck without a rebound.
14:20 of 1st period - Pierre-Luc Dubois wins face-off versus Mark Scheifele in Penguins zone.
14:33 of 1st period - Shot by Mark Scheifele.
14:33 of 1st period - Stopped by Corey Crawford without a rebound.
14:34 of 1st period - Nathan MacKinnon wins face-off versus Aleksander Barkov in Panthers zone.
15:03 of 1st period - Shot by Jonathan Huberdeau.
15:03 of 1st period - Shot Misses the Net.
15:22 of 1st period - Colton Parayko is hit by Gabriel Landeskog and loses puck.
16:21 of 1st period - Shot by Mark Scheifele.
16:21 of 1st period - Stopped by Corey Crawford with a rebound.
16:23 of 1st period - Shot by Mark Scheifele.
16:23 of 1st period - Deflect By Alex DeBrincat.
16:23 of 1st period - Shot Misses the Net.
16:32 of 1st period - Quinn Hughes is hit by Marcus Pettersson and loses puck.
18:12 of 1st period - Shot by Pierre-Luc Dubois.
18:12 of 1st period - Stopped by Connor Hellebuyck with a rebound.
18:30 of 1st period - Matt Calvert is hit by Gabriel Landeskog and loses puck.
18:58 of 1st period - Icing by Colton Parayko.
18:59 of 1st period - Mark Scheifele wins face-off versus Derek Grant in Panthers zone.
19:06 of 1st period - Colton Parayko is hit by Marcus Pettersson and loses puck.
19:10 of 1st period - Derek Grant is hit by Marcus Pettersson and loses puck.
19:13 of 1st period - Shot by Oskar Sundqvist.
19:13 of 1st period - Shot Misses the Net.
19:15 of 1st period - Shot by Colton Parayko.
19:15 of 1st period - Shot Misses the Net.
19:17 of 1st period - Shot by Colton Parayko.
19:17 of 1st period - Shot Hit the Post.
Goals for this period are 1 for Panthers vs 1 for Penguins.
Shots for this period are 8 for Panthers vs 6 for Penguins.

2nd period


0:01 of 2nd period - Nathan MacKinnon wins face-off versus Dylan Larkin in neutral zone.
0:11 of 2nd period - Icing by Matthew Tkachuk.
0:12 of 2nd period - Matthew Tkachuk wins face-off versus Mark Scheifele in Panthers zone.
0:47 of 2nd period - Shot by Alex Ovechkin.
0:47 of 2nd period - Shot Misses the Net.
0:51 of 2nd period - Shot by Matthew Tkachuk.
0:51 of 2nd period - Stopped by Connor Hellebuyck with a rebound.
1:31 of 2nd period - Shot by Nathan MacKinnon.
1:31 of 2nd period - Shot Misses the Net.
1:42 of 2nd period - Patrik Laine is hit by Colton Parayko and loses puck.
2:11 of 2nd period - Jonathan Huberdeau is hit by Oliver Bjorkstrand and loses puck.
2:22 of 2nd period - Shot by Nikita Kucherov.
2:22 of 2nd period - Deflect By Jonathan Huberdeau.
2:22 of 2nd period - Shot Blocked by Brent Seabrook.
2:27 of 2nd period - Marcus Pettersson is hit by Zdeno Chara and loses puck.
2:29 of 2nd period - Minor Penalty to Charlie McAvoy for Hooking.
2:30 of 2nd period - Mark Scheifele wins face-off versus Derek Grant in Panthers zone.
2:45 of 2nd period - Shot by Drew Doughty.
2:45 of 2nd period - Shot Blocked by Jeff Petry.
2:57 of 2nd period - Shot by Mark Scheifele.
2:57 of 2nd period - Shot Blocked by Quinn Hughes.
3:40 of 2nd period - Nathan MacKinnon is hit by Zdeno Chara and loses puck.
4:03 of 2nd period - Shot by Aleksander Barkov.
4:03 of 2nd period - Shot Hit the Post.
4:42 of 2nd period - Minor Penalty to Colton Parayko for Slashing.
4:43 of 2nd period - Derek Grant wins face-off versus Nathan MacKinnon in Panthers zone.
4:43 of 2nd period - Quinn Hughes is hit by Gabriel Landeskog and loses puck.
4:56 of 2nd period - Shot by Patrik Laine.
4:56 of 2nd period - Shot Misses the Net.
4:58 of 2nd period - Shot by Gabriel Landeskog.
4:58 of 2nd period - Shot Misses the Net.
5:47 of 2nd period - David Perron is hit by Zdeno Chara and loses puck.
6:07 of 2nd period - Icing by Nathan MacKinnon.
6:08 of 2nd period - Nathan MacKinnon wins face-off versus Derek Grant in Penguins zone.
7:42 of 2nd period - Minor Penalty to Dylan Larkin for Hooking.
7:43 of 2nd period - Mark Scheifele wins face-off versus Derek Grant in Panthers zone.
7:49 of 2nd period - David Perron is hit by Zdeno Chara and loses puck.
8:12 of 2nd period - David Perron is hit by Oskar Sundqvist and loses puck.
8:32 of 2nd period - Filip Hronek is hit by Jeff Petry and loses puck.
8:37 of 2nd period - Shot by Mark Giordano.
8:37 of 2nd period - Stopped by Corey Crawford without a rebound.
8:38 of 2nd period - Nathan MacKinnon wins face-off versus Aleksander Barkov in Panthers zone.
8:41 of 2nd period - Shot by Patrik Laine.
8:41 of 2nd period - Stopped by Corey Crawford without a rebound.
8:42 of 2nd period - Aleksander Barkov wins face-off versus Nathan MacKinnon in Panthers zone.
8:56 of 2nd period - Shot by Patrik Laine.
8:56 of 2nd period - Shot Misses the Net.
8:58 of 2nd period - Shot by Mark Giordano.
8:58 of 2nd period - Stopped by Corey Crawford without a rebound.
8:59 of 2nd period - Mark Scheifele wins face-off versus Derek Grant in Panthers zone.
9:29 of 2nd period - Shot by Shea Weber.
9:29 of 2nd period - Shot Misses the Net.
9:48 of 2nd period - Adrian Kempe is hit by Alex Ovechkin and loses puck.
10:00 of 2nd period - Shot by Dylan Larkin.
10:00 of 2nd period - Shot Misses the Net.
10:02 of 2nd period - Shot by Dylan Larkin.
10:02 of 2nd period - Shot Misses the Net.
10:15 of 2nd period - Icing by Brent Seabrook.
10:16 of 2nd period - Jonathan Huberdeau wins face-off versus Adrian Kempe in Penguins zone.
10:27 of 2nd period - Shot by Jonathan Huberdeau.
10:27 of 2nd period - Stopped by Connor Hellebuyck without a rebound.
10:28 of 2nd period - Derek Grant wins face-off versus Nathan MacKinnon in Penguins zone.
10:47 of 2nd period - Shot by Nathan MacKinnon.
10:47 of 2nd period - Stopped by Corey Crawford without a rebound.
10:48 of 2nd period - Mark Scheifele wins face-off versus Matthew Tkachuk in Panthers zone.
10:48 of 2nd period - Mark Scheifele is hit by Zdeno Chara.
11:08 of 2nd period - Shot by Alex Ovechkin.
11:08 of 2nd period - Stopped by Connor Hellebuyck with a rebound.
11:30 of 2nd period - Dylan Larkin is hit by Shea Weber and loses puck.
11:38 of 2nd period - Icing by Drew Doughty.
11:39 of 2nd period - Aleksander Barkov wins face-off versus Mark Scheifele in Penguins zone.
11:52 of 2nd period - Shot by Aleksander Barkov.
11:52 of 2nd period - Shot Hit the Post.
11:54 of 2nd period - Shot by Aleksander Barkov.
11:54 of 2nd period - Shot Blocked by Shea Weber.
13:01 of 2nd period - Shot by Patrik Laine.
13:01 of 2nd period - Stopped by Corey Crawford without a rebound.
13:02 of 2nd period - Dylan Larkin wins face-off versus Joe Thornton in Panthers zone.
13:06 of 2nd period - Minor Penalty to Oliver Bjorkstrand for Hooking.
13:07 of 2nd period - Gabriel Landeskog wins face-off versus Dylan Larkin in Penguins zone.
13:34 of 2nd period - Mark Giordano is hit by Alex Ovechkin and loses puck.
13:59 of 2nd period - Shot by Gabriel Landeskog.
13:59 of 2nd period - Shot Misses the Net.
14:12 of 2nd period - Samuel Girard is hit by Shea Weber and loses puck.
14:19 of 2nd period - Shot by Jonathan Huberdeau.
14:19 of 2nd period - Shot Blocked by Drew Doughty.
14:43 of 2nd period - Shot by Jeff Petry.
14:43 of 2nd period - Stopped by Connor Hellebuyck without a rebound.
14:44 of 2nd period - Joe Thornton wins face-off versus Dylan Larkin in Penguins zone.
14:50 of 2nd period - Icing by Nikita Kucherov.
14:51 of 2nd period - Adrian Kempe wins face-off versus Dylan Larkin in Panthers zone.
15:10 of 2nd period - Shot by Matt Calvert.
15:10 of 2nd period - Stopped by Connor Hellebuyck without a rebound.
15:11 of 2nd period - Nathan MacKinnon wins face-off versus Pierre-Luc Dubois in Penguins zone.
15:31 of 2nd period - Pierre-Luc Dubois is hit by Marcus Pettersson and loses puck.
16:34 of 2nd period - Shot by Clayton Keller.
16:34 of 2nd period - Shot Misses the Net.
16:36 of 2nd period - Shot by Mark Giordano.
16:36 of 2nd period - Shot Misses the Net.
17:11 of 2nd period - Shot by Alex DeBrincat.
17:11 of 2nd period - Shot Misses the Net.
17:45 of 2nd period - Shot by Jonathan Huberdeau.
17:45 of 2nd period - Stopped by Connor Hellebuyck without a rebound.
17:46 of 2nd period - Nathan MacKinnon wins face-off versus Derek Grant in Penguins zone.
17:46 of 2nd period - Mark Giordano is hit by Oskar Sundqvist and loses puck.
18:03 of 2nd period - Double Minor Penalty to Gabriel Landeskog for Slashing.
18:04 of 2nd period - Aleksander Barkov wins face-off versus Adrian Kempe in Penguins zone.
18:10 of 2nd period - Aleksander Barkov is hit by Drew Doughty and loses puck.
18:23 of 2nd period - Shot by Jonathan Huberdeau.
18:23 of 2nd period - Shot Misses the Net.
19:03 of 2nd period - Shot by Dylan Larkin.
19:03 of 2nd period - Deflect By Nikita Kucherov.
19:03 of 2nd period - Stopped by Connor Hellebuyck without a rebound.
19:04 of 2nd period - Aleksander Barkov wins face-off versus Cedric Paquette in Penguins zone.
Goals for this period are 0 for Panthers vs 0 for Penguins.
Shots for this period are 7 for Panthers vs 5 for Penguins.

3rd period


0:01 of 3rd period - Adrian Kempe wins face-off versus Dylan Larkin in neutral zone.
0:20 of 3rd period - Shot by Alex Ovechkin.
0:20 of 3rd period - Goal by Alex Ovechkin - Panthers : 2 - Penguins : 1.
0:21 of 3rd period - Max Domi wins face-off versus Nathan MacKinnon in neutral zone.
0:35 of 3rd period - Shot by Pierre-Luc Dubois.
0:35 of 3rd period - Stopped by Connor Hellebuyck with a rebound.
1:38 of 3rd period - Shot by Jonathan Huberdeau.
1:38 of 3rd period - Stopped by Connor Hellebuyck without a rebound.
1:39 of 3rd period - Joe Thornton wins face-off versus Dylan Larkin in Penguins zone.
1:39 of 3rd period - Joe Thornton is hit by Matthew Tkachuk.
1:48 of 3rd period - Clayton Keller is hit by Alex Ovechkin and loses puck.
2:05 of 3rd period - Shot by Alex Ovechkin.
2:05 of 3rd period - Deflect By Matthew Tkachuk.
2:05 of 3rd period - Stopped by Connor Hellebuyck without a rebound.
2:06 of 3rd period - Aleksander Barkov wins face-off versus Mark Scheifele in Penguins zone.
2:25 of 3rd period - Shot by Jonathan Huberdeau.
2:25 of 3rd period - Stopped by Connor Hellebuyck without a rebound.
2:26 of 3rd period - Dylan Larkin wins face-off versus Nathan MacKinnon in Penguins zone.
2:55 of 3rd period - Shot by Alex Ovechkin.
2:55 of 3rd period - Stopped by Connor Hellebuyck without a rebound.
2:56 of 3rd period - Mark Scheifele wins face-off versus Aleksander Barkov in Penguins zone.
3:27 of 3rd period - Shot by Mark Scheifele.
3:27 of 3rd period - Stopped by Corey Crawford without a rebound.
3:28 of 3rd period - Dylan Larkin wins face-off versus Nathan MacKinnon in Panthers zone.
4:03 of 3rd period - Shot by Nathan MacKinnon.
4:03 of 3rd period - Goal by Nathan MacKinnon - Panthers : 2 - Penguins : 2.
4:04 of 3rd period - Mark Scheifele wins face-off versus Aleksander Barkov in neutral zone.
4:33 of 3rd period - Mark Giordano is hit by Aleksander Barkov and loses puck.
4:46 of 3rd period - Shot by David Perron.
4:46 of 3rd period - Stopped by Corey Crawford without a rebound.
4:47 of 3rd period - Dylan Larkin wins face-off versus Nathan MacKinnon in Panthers zone.
4:58 of 3rd period - Shot by Zdeno Chara.
4:58 of 3rd period - Stopped by Connor Hellebuyck without a rebound.
4:59 of 3rd period - Joe Thornton wins face-off versus Pierre-Luc Dubois in Penguins zone.
4:59 of 3rd period - Joe Thornton is hit by Matt Calvert.
5:00 of 3rd period - Joe Thornton from Penguins is injured at 5:00 of 3rd period (Sports Hernia).
5:01 of 3rd period - Nathan MacKinnon wins face-off versus Dylan Larkin in Penguins zone.
5:01 of 3rd period - Nathan MacKinnon is hit by Alex Ovechkin.
5:04 of 3rd period - Drew Doughty is hit by Matthew Tkachuk and loses puck.
5:13 of 3rd period - Shot by Alex Ovechkin.
5:13 of 3rd period - Goal by Alex Ovechkin - Panthers : 3 - Penguins : 2.
5:14 of 3rd period - Mark Scheifele wins face-off versus Aleksander Barkov in neutral zone.
5:21 of 3rd period - Icing by Quinn Hughes.
5:22 of 3rd period - Aleksander Barkov wins face-off versus Nathan MacKinnon in Panthers zone.
5:44 of 3rd period - Shot by Nikita Kucherov.
5:44 of 3rd period - Stopped by Connor Hellebuyck without a rebound.
5:45 of 3rd period - Dylan Larkin wins face-off versus Mark Scheifele in Penguins zone.
5:50 of 3rd period - Shot by Alex Ovechkin.
5:50 of 3rd period - Shot Misses the Net.
6:17 of 3rd period - Shot by Dylan Larkin.
6:17 of 3rd period - Stopped by Connor Hellebuyck without a rebound.
6:18 of 3rd period - Nathan MacKinnon wins face-off versus Aleksander Barkov in Penguins zone.
6:18 of 3rd period - Nathan MacKinnon is hit by Jonathan Huberdeau.
6:25 of 3rd period - Shea Weber is hit by Jeff Petry and loses puck.
6:50 of 3rd period - Shot by Aleksander Barkov.
6:50 of 3rd period - Shot Misses the Net.
7:01 of 3rd period - Aleksander Barkov is hit by Drew Doughty and loses puck.
7:19 of 3rd period - Icing by Samuel Girard.
7:20 of 3rd period - Mark Scheifele wins face-off versus Pierre-Luc Dubois in Panthers zone.
7:32 of 3rd period - Mark Scheifele is hit by Samuel Girard.
7:42 of 3rd period - Shot by Filip Hronek.
7:42 of 3rd period - Deflect By Alex DeBrincat.
7:42 of 3rd period - Stopped by Corey Crawford without a rebound.
7:43 of 3rd period - Dylan Larkin wins face-off versus Mark Scheifele in Panthers zone.
7:49 of 3rd period - Dylan Larkin is hit by Clayton Keller and loses puck.
8:12 of 3rd period - Minor Penalty to Clayton Keller for High sticking.
8:13 of 3rd period - Adrian Kempe wins face-off versus Aleksander Barkov in Penguins zone.
8:47 of 3rd period - Minor Penalty to Matthew Tkachuk for High sticking.
8:48 of 3rd period - Dylan Larkin wins face-off versus Nathan MacKinnon in Panthers zone.
8:52 of 3rd period - Quinn Hughes is hit by Drew Doughty and loses puck.
9:04 of 3rd period - Shot by Nathan MacKinnon.
9:04 of 3rd period - Shot Blocked by Quinn Hughes.
9:31 of 3rd period - Icing by Jeff Petry.
9:32 of 3rd period - Nathan MacKinnon wins face-off versus Dylan Larkin in Panthers zone.
9:43 of 3rd period - Shot by Gabriel Landeskog.
9:43 of 3rd period - Shot Blocked by Quinn Hughes.
9:45 of 3rd period - Shot by Gabriel Landeskog.
9:45 of 3rd period - Shot Misses the Net.
9:49 of 3rd period - Shot by Nathan MacKinnon.
9:49 of 3rd period - Shot Misses the Net.
9:51 of 3rd period - Shot by Gabriel Landeskog.
9:51 of 3rd period - Deflect By Nathan MacKinnon.
9:51 of 3rd period - Shot Misses the Net.
10:39 of 3rd period - Shot by Oskar Sundqvist.
10:39 of 3rd period - Shot Blocked by Mark Scheifele.
10:53 of 3rd period - Icing by Colton Parayko.
10:54 of 3rd period - Pierre-Luc Dubois wins face-off versus Oliver Bjorkstrand in Panthers zone.
10:54 of 3rd period - Pierre-Luc Dubois is hit by Oliver Bjorkstrand.
11:06 of 3rd period - Shot by Max Domi.
11:06 of 3rd period - Shot Blocked by Brent Seabrook.
11:25 of 3rd period - Minor Penalty to Max Domi for Hooking.
11:26 of 3rd period - Derek Grant wins face-off versus Nathan MacKinnon in Panthers zone.
11:37 of 3rd period - Shot by Filip Hronek.
11:37 of 3rd period - Stopped by Corey Crawford without a rebound.
11:38 of 3rd period - Mark Scheifele wins face-off versus Derek Grant in Panthers zone.
11:41 of 3rd period - Shot by Shea Weber.
11:41 of 3rd period - Stopped by Corey Crawford without a rebound.
11:42 of 3rd period - Nathan MacKinnon wins face-off versus Derek Grant in Panthers zone.
13:28 of 3rd period - Icing by Brent Seabrook.
13:29 of 3rd period - Aleksander Barkov wins face-off versus Adrian Kempe in Penguins zone.
13:43 of 3rd period - Icing by Brent Seabrook.
13:44 of 3rd period - Dylan Larkin wins face-off versus Adrian Kempe in Penguins zone.
14:47 of 3rd period - Zdeno Chara is hit by Patrik Laine.
15:34 of 3rd period - Nikita Kucherov is hit by Mark Scheifele and loses puck.
15:45 of 3rd period - Shot by Mark Scheifele.
15:45 of 3rd period - Stopped by Corey Crawford without a rebound.
15:46 of 3rd period - Max Domi wins face-off versus David Perron in Panthers zone.
15:46 of 3rd period - Max Domi is hit by David Perron.
16:03 of 3rd period - Shot by Max Domi.
16:03 of 3rd period - Shot Misses the Net.
16:05 of 3rd period - Shot by Matt Calvert.
16:05 of 3rd period - Deflect By Max Domi.
16:05 of 3rd period - Shot Misses the Net.
16:07 of 3rd period - Shot by Matt Calvert.
16:07 of 3rd period - Deflect By Pierre-Luc Dubois.
16:07 of 3rd period - Shot Misses the Net.
16:09 of 3rd period - Shot by Matt Calvert.
16:09 of 3rd period - Stopped by Connor Hellebuyck without a rebound.
16:10 of 3rd period - Dylan Larkin wins face-off versus Adrian Kempe in Penguins zone.
16:10 of 3rd period - Jeff Petry is hit by Shea Weber and loses puck.
16:18 of 3rd period - Alex Ovechkin is hit by Drew Doughty and loses puck.
16:44 of 3rd period - Icing by Drew Doughty.
16:45 of 3rd period - Pierre-Luc Dubois wins face-off versus Adrian Kempe in Penguins zone.
17:36 of 3rd period - Shot by Mark Scheifele.
17:36 of 3rd period - Shot Misses the Net.
17:38 of 3rd period - Shot by Alex DeBrincat.
17:38 of 3rd period - Stopped by Corey Crawford without a rebound.
17:39 of 3rd period - Alex Ovechkin wins face-off versus Nathan MacKinnon in Panthers zone.
17:58 of 3rd period - Shot by Matthew Tkachuk.
17:58 of 3rd period - Goal by Matthew Tkachuk - Panthers : 4 - Penguins : 2.
17:59 of 3rd period - Aleksander Barkov wins face-off versus Nathan MacKinnon in neutral zone.
17:59 of 3rd period - Aleksander Barkov is hit by Nathan MacKinnon.
18:33 of 3rd period - Shot by Nathan MacKinnon.
18:33 of 3rd period - Stopped by Corey Crawford without a rebound.
18:34 of 3rd period - Dylan Larkin wins face-off versus Mark Scheifele in Panthers zone.
18:52 of 3rd period - Icing by Filip Hronek.
18:53 of 3rd period - Pierre-Luc Dubois wins face-off versus Mark Scheifele in Penguins zone.
18:56 of 3rd period - Shot by Max Domi.
18:56 of 3rd period - Stopped by Connor Hellebuyck without a rebound.
18:57 of 3rd period - Dylan Larkin wins face-off versus Nathan MacKinnon in Penguins zone.
19:00 of 3rd period - Shot by Matthew Tkachuk.
19:00 of 3rd period - Shot Blocked by Shea Weber.
19:14 of 3rd period - Shot by Matthew Tkachuk.
19:14 of 3rd period - Shot Blocked by Nathan MacKinnon.
Goals for this period are 3 for Panthers vs 1 for Penguins.
Shots for this period are 13 for Panthers vs 9 for Penguins.